 Seeded DCSS version 0.29.1-15-g9cfb28693d (webtiles) character file.

Game seed: 1 (custom seed)

38267 Kazon the Carver (level 13, -7/108 HPs)
             Began as a White Draconian Fighter on Apr 19, 2023.
             Was the Champion of Okawaru.
             Mangled by a culicivora (13 damage)
             ... on level 1 of the Spider Nest on Apr 21, 2023.
             The game lasted 01:31:51 (13317 turns).

Kazon the Carver (White Draconian Fighter)         Turns: 13317, Time: 01:31:52

Health: -7/108     AC: 14    Str: 19    XL:     13   Next: 62%
Magic:  14/19      EV: 11    Int: 12    God:    Okawaru [******]
Gold:   343        SH:  0    Dex: 18    Spells: 12/12 levels left

rFire   + + +      SeeInvis .   f - +2 Maxwell's thermic engine {flame, freeze}
rCold   + + .      Faith    .   c - +2 buckler
rNeg    . . .      Spirit   .   (body armour unavailable)
rPois   +          Reflect  .   r - +0 hat
rElec   .          Harm     .   U - +2 cloak
rCorr   .          Rampage  .   (no gloves)
Will    .....                   k - +2 pair of boots
Stlth   +++++++...              Q - amulet "Odemouw" {Contam rPois rF+++ Regen+ Stlth+}
HPRegen 1.08/turn               K - +6 ring of dexterity
MPRegen 0.16/turn               y - ring of protection from cold

@: short of breath, heroic, finesse-ful, held, slowed, very slow
A: breathe frost, AC +8, unfitting armour, cold resistance 1, cold-blooded, thin
skeletal structure 1, clumsy 1
a: Breathe Frost, Renounce Religion, Heroism, Finesse, Duel


You were on level 1 of the Spider Nest.
You worshipped Okawaru.
Okawaru was exalted by your worship.
You visited 4 branches of the dungeon, and saw 19 of its levels.

You collected 1119 gold pieces.
You spent 776 gold pieces at shops.

Inventory:

Hand Weapons
 e - a +2 dagger of venom
 f - the +2 Maxwell's thermic engine (weapon) {flame, freeze}
   (You found it on level 1 of the Lair of Beasts)

   It burns those it strikes, dealing additional fire damage.
   Big, fiery blades are also staple armaments of hydra-hunters.
   It freezes those it strikes, dealing additional cold damage.
   It can also slow down cold-blooded creatures.
   It becomes more effective when it hits something.
   This effect fades over time.
 s - the +3 double sword of Nipiloos {vorpal, rElec rF- Will+}
   (Okawaru gifted it to you on level 3 of the Lair of Beasts)

   It inflicts extra damage upon your enemies.
   rF:        It makes you vulnerable to fire.
   rElec:     It insulates you from electricity.
   Will:      It increases your willpower.
Missiles
 h - a boomerang of dispersal
 m - 25 boomerangs
 x - 6 curare-tipped darts
 B - 2 javelins
 C - 36 poisoned darts (quivered)
 I - 2 silver javelins
 O - a datura-tipped dart
Armour
 c - a +2 buckler (worn)
 k - a +2 pair of boots (worn)
 r - a +0 hat (worn)
 U - a +2 cloak (worn)
Jewellery
 y - a ring of protection from cold (right hand)
 K - a +6 ring of dexterity (left hand)
 M - a ring of protection from cold
 Q - the amulet "Odemouw" (around neck) {Contam rPois rF+++ Regen+ Stlth+}
   (You bought it in a shop on level 8 of the Dungeon)

   [amulet of regeneration]

   rF:        It renders you almost immune to fire.
   rPois:     It protects you from poison.
   Contam:    It causes magical contamination when unequipped.
   Regen:     It increases your rate of health regeneration.
   Stlth:     It makes you more stealthy.
Wands
 g - a wand of roots (5)
 w - a wand of mindburst (27)
 A - a wand of flame (38)
 E - a wand of paralysis (23)
 L - a wand of polymorph (11)
Scrolls
 l - a scroll of immolation
 o - 4 scrolls of fog {unknown}
 p - 2 scrolls of poison {unknown}
 q - 4 scrolls of teleportation
 t - a scroll of noise
 u - a scroll of magic mapping
 F - 3 scrolls of fear
 H - a scroll of identify
 P - a scroll of silence
 R - a scroll of enchant armour {unknown}
 S - 2 scrolls of brand weapon {unknown}
Potions
 a - a potion of ambrosia
 b - 4 potions of berserk rage {unknown}
 d - 3 potions of haste
 j - 3 potions of might
 n - a potion of heal wounds
 v - 8 potions of lignification {unknown}
 z - 2 potions of cancellation
 D - 2 potions of curing
 J - 2 potions of flight
 N - 2 potions of invisibility
Miscellaneous
 i - a phial of floods
 G - a condenser vane
 T - a lightning rod (4/4)


   Skills:
 + Level 8.7(13.7) Fighting
 + Level 5.8(14.1) Short Blades
 + Level 10.9(16.5) Long Blades
 + Level 8.2(13.2) Throwing
 * Level 8.9(13.9) Dodging
 + Level 6.5(11.5) Stealth
 + Level 7.2(12.2) Shields
 * Level 9.2 Invocations
 * Level 8.7 Evocations


You had 12 spell levels left.
You didn't know any spells.
Your spell library contained the following spells:

 Spells                   Type           Power      Damage    Failure   Level
 Apportation              Tloc           0%         N/A       36%         1
 Magic Dart               Conj           0%         1d3       36%         1
 Necrotise                Necr           0%         1d4       36%         1
 Sting                    Tmut/Pois      0%         1d3       36%         1
 Poisonous Vapours        Pois/Air       0%         N/A       52%         2
 Mephitic Cloud           Conj/Pois/Air  0%         N/A       75%         3
 Ozocubu's Armour         Ice            0%         N/A       75%         3
 Olgreb's Toxic Radiance  Pois           0%         N/A       98%         4
 Blade Hands              Tmut           0%         N/A       100%        5
 Fireball                 Conj/Fire      0%         3d3       100%        5
 Iskenderun's Battlesphe  Conj           0%         2d6       100%        5
 Metabolic Englaciation   Hex/Ice        0%         N/A       100%        5
 Conjure Ball Lightning   Conj/Air       0%         3x3d6     100%        6
 Iron Shot                Conj/Erth      0%         9d1       100%        6
 Orb of Destruction       Conj           0%         9d5       100%        7
 Ozocubu's Refrigeration  Ice            0%         4d7       100%        7
 Summon Small Mammal      Summ           Unusable   N/A       N/A         1
 Call Imp                 Summ           Unusable   N/A       N/A         2
 Animate Armour           Summ/Erth      Unusable   N/A       N/A         4
 Simulacrum               Ice/Necr       Unusable   N/A       N/A         6

Dungeon Overview and Level Annotations

Branches:
Dungeon (12/15)            Temple (1/1) D:7            Lair (5/5) D:10
 Shoals (0/4) Lair:3       Spider (1/4) Lair:3        Slime (0/5) Lair:4
    Orc: D:9-12

Altars:
Ashenzari
Dithmenos
Elyvilon
Gozag
Hepliaklqana
Kikubaaqudgha
Makhleb
Nemelex Xobeh
Okawaru
Qazlal
Uskayaw
Xom
Jiyva

Shops:
D:3 (   D:8 ?(==   D:10 :


Innate Abilities, Weirdness & Mutations

You can breathe waves of freezing cold which knock back foes.
Your icy white scales are hard. (AC +8)
You cannot fit into any form of body armour.
Your flesh is cold resistant. (rC+)
You are cold-blooded and may be slowed by cold attacks.
You have a somewhat thin skeletal structure. (Dex +2, Stealth+)
You are clumsy. (Dex -2)


Message History

The jumping spider pounces on you! The jumping spider closely misses you.
The jumping spider leaps!
The demonic crawler gives a hideous shriek!
You hit the culicivora but do no damage.
The culicivora is poisoned.
You feel sick. The culicivora misses you.
You completely miss the culicivora.
Your tail-slap misses the culicivora.
The culicivora is lightly wounded.
You feel sick.
The jumping spider leaps!
The culicivora completely misses you.
You can now deal lightning-fast blows.
You feel sick.
You are no longer poisoned.
You block the culicivora's attack.
The demonic crawler shrieks in warning!
The culicivora bites you but does no damage.
You miss the culicivora.
The culicivora is moderately wounded.
The jumping spider leaps!
The culicivora barely misses you.
Your +2 dagger of venom stops dripping with poison.
The engine hums to life!
f - the +2 Maxwell's thermic engine (weapon)
{flame, freeze} The jumping spider barely misses you.
The jumping spider bites you. You block the culicivora's attack.
You slash the jumping spider! You burn the jumping spider.
You freeze the jumping spider.
The jumping spider is heavily wounded.
The jumping spider pounces on you.
* * * LOW HITPOINT WARNING * * *
You are caught in a web!
The jumping spider bites you but does no damage.
The culicivora misses you.
You struggle to detach yourself from the web.
The jumping spider pounces on you.
* * * LOW HITPOINT WARNING * * *
The jumping spider barely misses you. The culicivora bites you!!
* * * LOW HITPOINT WARNING * * *
The culicivora draws strength from your injuries!
The jumping spider closely misses you. The jumping spider bites you.
* * * LOW HITPOINT WARNING * * *
The culicivora bites you!
You die...

##.## #########...#
####...#####....†...#######
#.....................# #.#
.^..##.........#####....#
#.# . #........## #..###
#.# #......##.# ###.####.#
##..^####.## #......# ###.#
##s# ##......#### ###
#@#####.###.......
##s##...######...†
#ws..†...####....
##.°.............
#.............##.
##......!......###
#..†..........##
##...........## .##
##............#


You could see a torpor snail, a demonic crawler, a culicivora (poisoned) and a
jumping spider.

Vanquished Creatures
  A boulder beetle (Spider:1)
  Fannar (Lair:2)
  Erolcha (D:10)
  A catoblepas (Lair:2)
  2 two-headed ogres
  4 death yaks (Lair:3)
  A wolf spider (Spider:1)
  An ugly thing (D:11)
  3 black mambas
  5 elephants (Lair:4)
  8 cane toads
  Maggie (D:6)
  3 rime drakes
  4 kobold demonologists
  10 komodo dragons
  A demonic crawler (Spider:1)
  A tengu conjurer (D:12)
  3 trolls
  Prince Ribbit (D:9)
  3 tarantellas (Spider:1)
  A polar bear (Lair:4)
  10 blink frogs (Lair:2)
  5 dream sheep (Lair:4)
  A snapping turtle (Lair:3)
  6 jumping spiders (Spider:1)
  2 shadows
  A vampire (D:10)
  42 yaks
  3 culicivoras (Spider:1)
  3 wyverns
  2 basilisks
  Eustachio (D:5)
  5 redbacks (Spider:1)
  2 steam dragons
  Menkaure (D:5)
  Edmund (D:6)
  2 acid dragons
  9 water moccasins
  5 orc warriors
  An ice beast (D:8)
  5 sky beasts
  2 black bears (D:6)
  5 centaurs
  An ogre (D:6)
  A wolf (D:10)
  2 phantoms (D:6)
  3 kobold brigands
  3 necrophages
  6 bullfrogs
  A gnoll sergeant (D:7)
  10 scorpions
  21 wights
  3 killer bees (D:10)
  3 electric eels
  A howler monkey (D:5)
  2 jellies (D:6)
  6 hounds
  7 orc priests
  A gnoll bouda (D:7)
  6 iguanas
  4 orc wizards
  4 hell rats (Lair:3)
  Robin (D:3)
  15 gnolls
  13 adders
  3 shadow imps
  2 white imps (D:7)
  An ufetubus (D:5)
  4 worms
  37 orcs
  11 endoplasms
  3 giant cockroaches
  16 goblins
  9 hobgoblins
  A jackal (D:4)
  27 kobolds
  A quokka (D:1)
  5 ball pythons
  4 bats
  3 frilled lizards
  6 rats
417 creatures vanquished.

Vanquished Creatures (others)
  A quokka (D:7)
  9 fungi
  18 plants
28 creatures vanquished.

Grand Total: 445 creatures vanquished

Notes
Turn   | Place    | Note
-------+----------+-------------------------------------------
     0 | D:1      | Kazon the Draconian Fighter began the quest for the Orb.
     0 | D:1      | Reached XP level 1. HP: 19/19 MP: 1/1
    42 | D:1      | Identified a scroll of acquirement
    42 | D:1      | Acquired the amulet "Ynwux Ofepo" {Regen+ MP+9 Dex+3}
   148 | D:1      | Reached XP level 2. HP: 26/26 MP: 2/2
   924 | D:2      | Reached XP level 3. HP: 31/31 MP: 3/3
  1197 | D:2      | Reached skill level 3 in Long Blades
  1227 | D:2      | Reached XP level 4. HP: 39/40 MP: 4/4
  1465 | D:3      | Found Umat's Antique Weapon Boutique.
  1639 | D:3      | Noticed Robin
  1641 | D:3      | Reached skill level 1 in Stealth
  1658 | D:3      | Killed Robin
  1659 | D:3      | Reached skill level 1 in Short Blades
  1815 | D:3      | Reached XP level 5. HP: 44/44 MP: 5/5
  2001 | D:3      | Reached skill level 5 in Fighting
  2001 | D:3      | Reached skill level 5 in Long Blades
  2001 | D:3      | Reached skill level 5 in Shields
  2001 | D:3      | Reached XP level 6. HP: 57/57 MP: 6/6
  2103 | D:4      | Reached skill level 5 in Throwing
  2433 | D:4      | Your scales start taking on an icy white colour.
  2433 | D:4      | Reached XP level 7. HP: 56/63 MP: 7/7
  2433 | D:4      | Gained mutation: Your flesh is cold resistant. (rC+) [White
                  | Draconian growth]
  2614 | D:4      | Found a hazy altar of Hepliaklqana.
  2910 | D:5      | Entered Level 5 of the Dungeon
  2969 | D:5      | Reached skill level 1 in Evocations
  3095 | D:5      | Noticed Eustachio
  3114 | D:5      | Killed Eustachio
  3115 | D:5      | Reached skill level 5 in Short Blades
  3115 | D:5      | Reached XP level 8. HP: 69/70 MP: 8/8
  3430 | D:5      | Noticed Menkaure
  3444 | D:5      | Killed Menkaure
  3747 | D:7      | Found a staircase to the Ecumenical Temple.
  3761 | Temple   | Entered the Ecumenical Temple
  3768 | Temple   | Became a worshipper of Warmaster Okawaru
  3852 | D:7      | Found a hide-covered altar of Uskayaw.
  3977 | D:6      | Reached skill level 1 in Invocations
  3977 | D:6      | Reached XP level 9. HP: 78/78 MP: 9/9
  3981 | D:6      | Reached * piety under Okawaru
  4056 | D:6      | Noticed Edmund
  4072 | D:6      | Killed Edmund
  4262 | D:6      | Reached ** piety under Okawaru
  4379 | D:6      | Noticed Maggie
  4403 | D:6      | Killed Maggie
  4404 | D:6      | Reached skill level 6 in Long Blades
  4908 | D:7      | Reached XP level 10. HP: 76/84 MP: 13/13
  4966 | D:7      | Found a white marble altar of Elyvilon.
  5007 | D:7      | Reached *** piety under Okawaru
  5318 | D:7      | Reached skill level 5 in Stealth
  5627 | D:8      | Found Esumer's Weapon Shop.
  5726 | D:8      | Found Quzidd's Magic Scroll Emporium.
  5731 | D:8      | Bought a scroll of teleportation for 42 gold pieces
  5953 | D:8      | Found Heidghoki's Jewellery Shop.
  6156 | D:8      | Found Zoxtaeshakh's Jewellery Boutique.
  6536 | D:9      | Noticed a two-headed ogre
  6564 | D:9      | Killed a two-headed ogre
  6564 | D:9      | Reached **** piety under Okawaru
  6565 | D:9      | Reached skill level 5 in Invocations
  6866 | D:9      | Noticed Prince Ribbit
  6878 | D:9      | Killed Prince Ribbit
  6879 | D:9      | Reached skill level 7 in Long Blades
  7063 | D:10     | Entered Level 10 of the Dungeon
  7069 | D:10     | Noticed Erolcha
  7071 | D:10     | Killed Erolcha
  7071 | D:10     | Received a gift from Okawaru
  7091 | D:10     | Identified the +5 long sword of the Land of Plenty {drain,
                  | Dex+3}
  7139 | D:10     | Reached skill level 5 in Evocations
  7139 | D:10     | Reached XP level 11. HP: 92/92 MP: 15/15
  7182 | D:10     | Found a staircase to the Lair.
  7244 | D:10     | Found Juagoaq's Book Shoppe.
  7573 | D:10     | Reached ***** piety under Okawaru
  7734 | D:10     | Received a gift from Okawaru
  8162 | D:11     | Noticed a green ugly thing
  8167 | D:11     | Killed a green ugly thing
  8201 | D:11     | Reached skill level 8 in Long Blades
  8323 | D:11     | Noticed a soul eater
  8348 | Arena    | Entered the Arena
  8400 | D:11     | Noticed a soul eater
  8405 | D:11     | Received a gift from Okawaru
  8775 | D:8      | Bought the amulet "Odemouw" {Contam rPois rF+++ Regen+
                  | Stlth+} for 734 gold pieces
  8901 | Lair:1   | Entered Level 1 of the Lair of Beasts
  9263 | Lair:1   | Found the +2 Maxwell's thermic engine {flame, freeze}
  9360 | Lair:1   | HP: 4/93 [komodo dragon (28)]
  9453 | Lair:1   | Reached XP level 12. HP: 74/101 MP: 17/17
  9703 | Lair:2   | Received a gift from Okawaru
  9771 | Lair:2   | Reached skill level 9 in Long Blades
  9916 | Lair:2   | Noticed a catoblepas
 10047 | Lair:2   | Killed a catoblepas
 10047 | Lair:2   | Received a gift from Okawaru
 10742 | Lair:2   | Noticed Fannar
 10752 | Lair:2   | Killed Fannar
 10752 | Lair:2   | Received a gift from Okawaru
 10785 | Lair:3   | Found a hole to the Spider Nest.
 10818 | Lair:3   | Reached ****** piety under Okawaru
 10958 | Lair:3   | Noticed a death yak
 10963 | Lair:3   | Noticed a death yak
 10965 | Lair:3   | Noticed a death yak
 10970 | Lair:3   | Noticed a death yak
 10976 | Lair:3   | Killed a death yak
 10985 | Lair:3   | Killed a death yak
 10988 | Lair:3   | Killed a death yak
 10997 | Lair:3   | Killed a death yak
 11057 | Lair:3   | Found an ancient bone altar of Kikubaaqudgha.
 11148 | Lair:3   | Identified the +3 double sword of Nipiloos {vorpal, rElec
                  | rF- Will+} (Okawaru gifted it to you on level 3 of the Lair
                  | of Beasts)
 11148 | Lair:3   | Received a gift from Okawaru
 11301 | Lair:3   | You fall into a shaft and drop 2 floors!
 11301 | Lair:5   | Entered Level 5 of the Lair of Beasts
 11337 | Lair:5   | Reached skill level 10 in Long Blades
 11337 | Lair:5   | Reached XP level 13. HP: 105/107 MP: 19/19
 11488 | Lair:4   | Gained mutation: You are clumsy. (Dex -2) [potion of
                  | mutation]
 11488 | Lair:4   | Gained mutation: You have a somewhat thin skeletal
                  | structure. (Dex +2, Stealth+) [potion of mutation]
 11584 | Lair:4   | Found a viscous altar of Jiyva.
 11584 | Lair:4   | Found a staircase to the Slime Pits.
 11795 | Lair:3   | Found a staircase to the Shoals.
 12061 | Lair:4   | Identified the +3 battleaxe "Adididghufym" {antimagic, rF+
                  | Will+}
 12475 | D:11     | Received a gift from Okawaru
 12914 | Spider:1 | Entered Level 1 of the Spider Nest
 13317 | Spider:1 | Mangled by a culicivora

Illustrated notes

Levels and vault maps discovered:
D:1:      dpeg_arrival_three_smaller_balls, layout_basic
D:2:      layout_loops_ring
D:3:      layout_basic, serial_shops, nicolae_shop_stone, st_stairs_9,
          minmay_misc_feat_doors, eino_curves_03, uniq_robin
D:4:      minmay_wonky_spiral, layout_basic,
          mainiacjoe_overflow_surrounded_room, minivault_5
D:5:      layout_cave_pods, uniq_menkaure, uniq_eustachio
D:6:      cheibrodos_barr_body, layout_basic, minmay_crystal_room,
          minmay_pentangle, uniq_maggie, uniq_edmund
D:7:      layout_cave_pools, nicolae_uskayaw_murder_on_the_dancefloor,
          elyvilon_altar_4, minmay_temple_entry_purple_smoke
D:8:      layout_basic, serial_shops, shop_statue, kennysheep_little_box, shop,
          nicolae_shop_window_shopping
D:9:      layout_cave_pools, uniq_prince_ribbit1
D:10:     layout_stronghold, erik_lair_island, serial_shops,
          nicolae_shop_statue_plus, uniq_erolcha
D:11:     layout_roguey
D:12:     layout_loops_ring, orc_0_dummy, chequers_serial_rivers_marsh,
          uniq_lodul, uniq_nessos, uniq_rupert
Temple:   nicolae_temple_bog_church
Lair:1:   layout_long_grid, fungi_pond_lemuel, cheibrodos_lair_reptile_den
Lair:2:   layout_gridlike, uniq_fannar
Lair:3:   layout_roguey, minmay_shoals_entry_hut,
          nicolae_spider_entry_non_spiders, basic_altar, serial_bayou_crossing
Lair:4:   layout_gridlike, slime_entry_1, serial_rivers,
          chequers_serial_rivers_room_a, chequers_serial_rivers_micro_c,
          chequers_serial_rivers_room_a, chequers_serial_rivers_micro_e,
          minivault_27, grunt_megastairs_3, infiniplex_staircase_pool_2
Lair:5:   evilmike_catoblepas_cave, layout_long_grid
Spider:1: layout_chambers, nicolae_spider_undead_wolf_pack

Skill      XL: |  1  2  3  4  5  6  7  8  9 10 11 12 13 |
---------------+----------------------------------------+-----
Dodging        | 3 6 7 8 |  8.9
Long Blades    | 3 5 6 7 8 10 | 10.9
Stealth        | 1 4 5 6 |  6.5
Short Blades   | 1 4 5 |  5.8
Fighting       | 5 6 7 8 |  8.7
Throwing       | 4 5 6 7 8 |  8.2
Shields        | 5 6 7 |  7.2
Evocations     | 1 2 3 5 6 8 |  8.7
Invocations    | 1 4 5 6 8 9 |  9.2

Action                   |  1- 3 |  4- 6 |  7- 9 | 10-12 | 13-15 || total
-------------------------+-------+-------+-------+-------+-------++-------
Melee: Long sword        |    86 |       |   223 |   395 |       ||   704
       Tailslap          |     6 |    12 |    73 |   112 |    25 ||   228
       Dagger            |    28 |   125 |   156 |   193 |    39 ||   541
       Double sword      |       |       |       |   159 |   119 ||   278
Throw: Stone             |     6 |    19 |    34 |    51 |       ||   110
       Boomerang         |       |     3 |       |   114 |    26 ||   143
       Dart              |       |       |       |    84 |    32 ||   116
       Javelin           |       |       |       |     2 |       ||     2
Invok: Heroism           |       |       |       |     8 |     2 ||    10
       Finesse           |       |       |       |     2 |     1 ||     3
       Duel              |       |       |       |     1 |       ||     1
 Abil: Breathe Frost     |       |       |    18 |    40 |    12 ||    70
Evoke: Wand              |       |       |     2 |     6 |     2 ||    10
       Condenser vane    |       |       |       |     1 |       ||     1
  Use: Scroll            |     1 |       |     3 |    11 |     3 ||    18
       Potion            |       |     1 |     3 |     2 |     2 ||     8
 Stab: Distracted        |     1 |       |       |       |       ||     1
       Sleeping          |       |     3 |    10 |    11 |    12 ||    36
       Paralysed         |       |       |       |     1 |     1 ||     2
       Confused          |       |       |       |     1 |       ||     1
Armor: Skin              |    49 |    20 |   124 |   137 |    39 ||   369
Dodge: Dodged            |    67 |    57 |   219 |   303 |    81 ||   727
Block: Buckler           |    41 |    22 |    85 |   138 |    42 ||   328
